 Dungeon Crawl Stone Soup version 0.30.1 (webtiles) character file.

Game seed: 18263766946935404574

73 cdecastro the Magician (level 4, -2/33 HPs)
             Began as a Djinni Ice Elementalist on July 10, 2023.
             Slain by an orc
             ... wielding a +0 war axe
              (5 damage)
             ... on level 4 of the Dungeon.
             The game lasted 00:05:19 (2474 turns).

cdecastro the Magician (Djinni Ice Elementalist)    Turns: 2474, Time: 00:05:20

Health: -2/33      AC: -1    Str:  7    XL:     4   Next: 51%
Gold:   97         EV: 12    Int: 18    God:
                   SH:  0    Dex: 14

rFire   + + .        j - +2 whip (elec)
rCold   x . .        (no shield)
rNeg    . . .        a - +0 robe
rPois   ∞            (no helmet)
rElec   .            p - +0 cloak
rCorr   .            (no gloves)
SInv    .            (boots unavailable)
Will    .....        (no amulet)
Stlth   ++           (no ring)
HPRegen 0.25/turn    (no ring)
MPRegen 0.00/turn

%: infuse magic (-3 HP)
@: corroded, flying
A: sickness immunity, fire resistance 2, cold vulnerability 1, float, innate
caster, HP casting, extra vitality 1
a: no special abilities


You were on level 4 of the Dungeon.
You visited 1 branch of the dungeon, and saw 4 of its levels.

You collected 123 gold pieces.
You spent 26 gold pieces at shops.

Inventory:

Hand Weapons
 b - a +0 dagger
 j - a +2 whip of electrocution (weapon)
Missiles
 o - 3 poisoned darts
Armour
 a - a +0 robe (worn)
 n - a +0 buckler
 p - a +0 cloak (worn)
 q - a scarf of repulsion
Magical Staves
 i - a staff of cold
Jewellery
 g - a ring of fire
Scrolls
 c - 2 scrolls of poison {unknown}
 d - 9 scrolls of identify
 l - 2 scrolls of teleportation {unknown}
 m - a scroll of noise {unknown}
Potions
 e - a potion of heal wounds {unknown}
 f - a potion of curing {unknown}
 h - a potion of mutation {unknown}
 k - a potion of flight {unknown}
 r - a potion of haste {unknown}


   Skills:
 + Level 1.9 Fighting
 - Level 2.1 Dodging
 - Level 1.5 Stealth
 * Level 4.1 Spellcasting


You knew the following spells:

 Your Spells              Type           Power      Damage    Failure   Level
a - Freeze                Ice            72%        1d8       2%          1
b - Frozen Ramparts       Ice            36%        1d6       8%          3
c - Ozocubu's Armour      Ice            18%        N/A       8%          3
d - Summon Ice Beast      Ice/Summ       18%        N/A       26%         4
e - Apportation           Tloc           36%        N/A       2%          1
Your spell library was empty.

Dungeon Overview and Level Annotations

Branches:
Dungeon (4/15)
 Temple: D:4-7

Altars:
The Shining One

Shops:
D:1 *

Annotations:
D:1 not done
D:3 Robin, Terence


Innate Abilities, Weirdness & Mutations

You are immune to sickness and miasma.
You are immune to poison.
Your flesh is very heat resistant. (rF++)
You are vulnerable to cold. (rC-)
You float through the air rather than walking.
You learn spells naturally, not from books.
Your magical power is your life essence.
You have superior vitality. (+4 MHP)


Message History

The orc is heavily wounded.
The orc hits you with a +0 dagger.
You closely miss the orc.
The orc is heavily wounded.
An orc comes into view. It is wielding a +0 falchion.
The orc misses you.
The orc shouts!
You whack the orc!
You kill the orc!
The orc hits you with a +0 falchion.
You hit the orc. Lightning courses through the orc!!
You kill the orc!
An orc comes into view. It is wielding a +0 war axe.
The jelly closely misses you.
Aiming: Freeze (safe; 2% risk of failure)
Press: ? - help, Q - select action, (/) - cycle Shift-Dir - straight line, f - jelly
Aim: a jelly You freeze the jelly!
The jelly is heavily wounded.
The jelly hits you. The acid corrodes you!
You are splashed with acid!
* * * LOW HITPOINT WARNING * * *
Casting: Freeze (safe; 2% risk of failure)
Confirm with . or Enter, or press ? or * to list all spells.
The spell is quite dangerous to miscast (8% risk of failure)!
Continue anyway?
Okay, then.
Unknown command.
You hit the jelly but do no damage.
Your hands burn!
* * * LOW HITPOINT WARNING * * *
The jelly is heavily wounded.
The jelly barely misses you. The orc hits you with a +0 war axe.
* * * LOW HITPOINT WARNING * * *
Unknown command.
Aiming: Freeze (safe; 2% risk of failure)
Press: ? - help, Q - select action, (/) - cycle Shift-Dir - straight line, f/p - jelly
Aim: a jelly (heavily wounded)
You freeze the jelly.
The jelly is heavily wounded.
* * * LOW HITPOINT WARNING * * *
The orc hits you with a +0 war axe.
You die...

#.##..≈~~≈≈~.<8
#....~≈≈~~~~..[≈
#....~≈≈≈≈≈≈≈.~≈
#<....~≈≈≈#≈#$≈≈
#.####.~≈≈≈≈..~.
#.# #..~~≈≈≈...#
#...##..≈≈~~~~#≈
........#J≈w~~≈~
#####.#o@#.≈≈.#
#..###.##.. ##.
# # #. #. #. #.


You could see a jelly, a dart slug and an orc.

Vanquished Creatures
  An adder (D:2)
  4 dart slugs
  3 orcs
  5 ball pythons
  8 endoplasms
  3 giant cockroaches
  5 goblins
  4 hobgoblins
  A quokka (D:2)
  2 bats (D:2)
  2 frilled lizards
  6 kobolds
  3 rats
47 creatures vanquished.

Notes
Turn   | Place    | Note
-------+----------+-------------------------------------------
     0 | D:1      | cdecastro the Djinni Ice Elementalist began the quest for
                  | the Orb.
     0 | D:1      | cdecastro set off with the following spells memorised:
                  | Freeze, Frozen Ramparts, Ozocubu's Armour, Summon Ice
                  | Beast.
     0 | D:1      | Reached XP level 1. HP: 15/15 MP: 0/0
   171 | D:1      | Reached XP level 2. HP: 21/22 MP: 0/0
   338 | D:1      | Reached skill level 1 in Fighting
   543 | D:1      | Reached XP level 3. HP: 21/27 MP: 0/0
   543 | D:1      | Learned a level 1 spell: Apportation
   953 | D:1      | Found Jeapue's General Store.
   976 | D:1      | Bought a scroll of identify for 26 gold pieces
  1570 | D:2      | Reached XP level 4. HP: 23/32 MP: 0/0
  1713 | D:2      | Reached skill level 4 in Spellcasting
  2233 | D:3      | Found a glowing golden altar of the Shining One.
  2266 | D:3      | Noticed Terence
  2427 | D:3      | Noticed Robin
  2474 | D:4      | Slain by an orc

Illustrated notes

Levels and vault maps discovered:
D:1:      ebering_trefoil_twist, layout_loops_ring, serial_forest,
          infiniplex_forest_clump_curved, infiniplex_forest_clump_small,
          infiniplex_forest_clump_long, infiniplex_forest_end_1, serial_shops,
          shop
D:2:      layout_loops_cross, minmay_randomly_rotated_circles
D:3:      layout_basic, mainiacjoe_overflow_paths, mainiacjoe_overflow_catwalk,
          uniq_terence, uniq_robin
D:4:      kennysheep_slugbush, layout_rooms, dancing_weapons_uskayaw,
          uniq_edmund

Skill      XL: |  1  2  3  4 |
---------------+-------------+-----
Fighting       | 1 |  1.9
Spellcasting   | 4 |  4.1
Dodging        | |  2.1
Stealth        | |  1.5

Action                     |  1- 3 |  4- 6 || total
---------------------------+-------+-------++-------
  Melee: Unarmed           |     2 |       ||     2
         Dagger            |   134 |       ||   134
         Punch             |     4 |       ||     4
         Whip              |       |    45 ||    45
   Cast: Freeze            |    64 |     4 ||    68
         Apportation       |       |     1 ||     1
   Stab: Sleeping          |       |     3 ||     3
 Armour: Robe              |     7 |    10 ||    17
  Dodge: Dodged            |    19 |    30 ||    49
